Map: Ulrena

Players

blcha - Winner!

  • Race: Zerg Zerg
  • League: Gold

Plutonun

  • Race: Protoss Protoss
  • League: Platinum

VOD

Have the link to the VOD?

Description

Time

  • Played on: March 6, 2016, 2:51 p.m.
  • Length: 11:39
Show
View Real Time Build Order
Export as new Build Order

blcha Zerg - Winner!

Build Orders: Pool First, Lurkers 

Get SALT Encoding   

  12  0:01  Drone  
  13  0:10  Drone  
  14  0:18  Overlord  
  14  0:24  Extractor  
  14  0:26  Drone  
  15  0:36  Drone x2  
  17  0:45  Drone  
  18  1:04  Spawning Pool  
  17  1:06  Extractor  
  16  1:17  Hatchery  
  15  1:20  Drone x2  
  15  1:23  Drone  
  18  1:37  Drone  
  19  1:44  Drone  
  20  1:58  Hatchery  
  19  2:07  Queen  
  21  2:09  Drone  
  22  2:16  Overlord  
  22  2:25  Overlord  
  22  2:31  Metabolic Boost  
  22  2:45  Drone x4  
  26  2:55  Drone  
  26  2:56  Drone  
  28  2:59  Drone  
  29  3:08  Drone  
  29  3:09  Drone  
  31  3:13  Drone  
  31  3:17  Drone  
  31  3:18  Drone x2  
  31  3:19  Drone  
  36  3:20  Drone  
  38  3:34  Drone x5  
  38  3:36  Lair  
  42  3:42  Queen  
  42  3:44  Queen  
  46  3:49  Zergling x6  
  46  3:52  Zergling x2  
  50  3:55  Overlord  
  50  3:58  Overlord  
  50  4:07  Evolution Chamber  
  49  4:11  Zergling x2  
  49  4:16  Drone  
  49  4:17  Drone  
  52  4:18  Drone x2  
  54  4:26  Drone x4  
  54  4:30  Zergling x2  
  59  4:35  Drone x3  
  59  4:37  Extractor  
  56  4:48  Drone x4  
  57  5:08  Extractor  
  57  5:11  Extractor  
  56  5:14  Extractor  
  55  5:23  Zerg Missile Weapons Level 1  
  55  5:37  Drone x2  
  55  5:41  Overlord x7  
  57  5:49  Extractor  
  56  5:50  Extractor  
  55  5:58  Queen  
  55  5:59  Queen  
  55  6:06  Drone x2  
  55  6:07  Drone x7  
  64  6:19  Drone x3  
  67  6:40  Hydralisk Den  
  67  6:43  Evolution Chamber  
  67  6:47  Zergling x12  
  67  6:48  Zergling x14  
  78  7:00  Zergling x2  
  78  7:01  Zergling x8  
  82  7:08  Pneumatized Carapace  
  83  7:09  Zergling x4  
  83  7:15  Lurker Den  
  85  7:25  Drone x5  
  85  7:26  Drone x2  
  92  7:31  Zergling x2  
  92  7:32  Zergling x2  
  92  7:35  Zerg Missile Weapons Level 2  
  92  7:36  Zerg Ground Armor Level 1  
  94  7:43  Drone, Spore Crawler  
  94  7:44  Drone x2  
  92  7:56  Queen  
  92  7:58  Hydralisk x4  
  94  7:59  Hydralisk  
  94  8:02  Overlord x5  
  104  8:15  Drone  
  104  8:16  Overlord x2  
  104  8:17  Overlord x2  
  104  8:18  Overlord  
  104  8:19  Overlord x2  
  105  8:23  Hydralisk  
  105  8:25  Hydralisk x2  
  105  8:42  Drone x5  
  105  8:45  Hydralisk x5  
  120  8:50  Spore Crawler  
  120  8:52  Hydralisk x4  
  127  8:59  Hydralisk  
  127  9:02  Hydralisk x2  
  133  9:24  Hydralisk x9  
  133  9:25  Hydralisk x2  
  155  9:38  Lurker x4  
  158  9:39  Lurker x6  
  158  9:40  Lurker  
  154  10:41  Hydralisk  
  154  10:42  Hydralisk x11  
Show
View Real Time Build Order
Export as new Build Order

Plutonun Protoss 

Build Orders: Oracle Opening 

Get SALT Encoding   

  12  0:01  Probe (Chrono Boost)  
  13  0:11  Probe (Chrono Boost)  
  14  0:18  Pylon  
  14  0:23  Probe (Chrono Boost)  
  15  0:37  Probe (Chrono Boost)  
  16  0:47  Probe (Chrono Boost)  
  17  0:59  Pylon  
  17  1:10  Nexus  
  17  1:20  Gateway  
  17  1:23  Probe (Chrono Boost)  
  17  1:24  Assimilator  
  18  1:34  Probe (Chrono Boost)  
  18  1:37  Assimilator  
  19  1:43  Pylon  
  19  1:45  Probe (Chrono Boost)  
  20  2:05  Probe (Chrono Boost)  
  21  2:09  Cybernetics Core  
  21  2:14  Gateway  
  21  2:15  Probe (Chrono Boost)  
  22  2:24  Probe (Chrono Boost)  
  22  2:26  Probe (Chrono Boost)  
  24  2:30  Pylon  
  24  2:36  Zealot  
  26  2:40  Probe (Chrono Boost)  
  27  2:49  Stargate  
  27  2:56  Mothership Core (Chrono Boost)  
  29  2:59  Probe (Chrono Boost)  
  29  3:05  Adept  
  32  3:14  Probe (Chrono Boost)  
  32  3:15  Probe (Chrono Boost)  
  34  3:25  Probe (Chrono Boost)  
  35  3:28  Warp Gate (Chrono Boost)  
  35  3:31  Oracle (Chrono Boost)  
  35  3:32  Probe (Chrono Boost)  
  36  3:34  Probe (Chrono Boost)  
  36  3:38  Adept  
  42  3:42  Adept  
  42  3:46  Probe  
  45  3:56  Probe  
  45  3:58  Probe  
  47  4:07  Phoenix  
  47  4:09  Adept (Chrono Boost)  
  50  4:18  Probe  
  51  4:35  Adept (Chrono Boost)  
  53  4:53  Probe  
  54  5:03  Pylon  
  54  5:05  Pylon  
  54  5:08  Pylon  
  54  5:12  Assimilator  
  54  5:15  Assimilator  
  54  5:21  Phoenix (Chrono Boost), Probe x2  
  54  5:26  Gateway  
  58  5:32  Pylon  
  58  5:39  Gateway  
  58  5:41  Pylon, Stargate  
  58  5:48  Phoenix (Chrono Boost)  
  60  6:14  Adept x2  
  60  6:16  Probe  
  60  6:18  Probe  
  66  6:27  Phoenix (Chrono Boost)  
  66  6:28  Probe  
  66  6:29  Phoenix (Chrono Boost)  
  71  6:40  Pylon  
  71  6:43  Pylon  
  71  6:46  Probe  
  72  6:47  Forge  
  72  6:49  Pylon  
  72  6:50  Phoenix (Chrono Boost)  
  72  6:51  Phoenix (Chrono Boost)  
  72  6:52  Robotics Facility  
  76  6:58  Probe  
  76  6:59  Probe  
  78  7:02  Stalker x3  
  78  7:03  Stalker  
  86  7:11  Probe  
  86  7:13  Gateway  
  86  7:14  Phoenix (Chrono Boost)  
  91  7:16  Gateway, Phoenix (Chrono Boost)  
  91  7:17  Gateway x2  
  91  7:19  Pylon  
  91  7:23  Probe  
  92  7:33  Twilight Council  
  92  7:35  Pylon  
  92  7:52  Protoss Ground Weapons Level 1  
  92  7:53  Probe  
  92  7:54  Probe  
  92  7:56  Observer  
  95  7:59  Zealot x2  
  95  8:00  Adept x2  
  105  8:05  Phoenix (Chrono Boost)  
  105  8:07  Phoenix (Chrono Boost)  
  107  8:22  Templar Archives  
  107  8:35  Nexus  
  107  8:37  Pylon  
  107  8:40  Pylon  
  107  8:42  Probe  
  107  8:44  Observer (Chrono Boost)  
  109  8:52  Stalker x4  
  109  8:53  Stalker  
  109  8:54  Zealot x2  
  123  8:56  Zealot  
  125  9:03  Immortal (Chrono Boost)  
  125  9:09  Photon Cannon  
  129  9:19  Charge (Chrono Boost)  
  129  9:28  Phoenix  
  131  9:38  Zealot  
  131  9:39  Zealot x3  
  131  9:40  Zealot  
  141  9:59  Probe  
  139  10:07  Photon Cannon  
  139  10:08  High Templar x2  
  139  10:11  Zealot x4  
  139  10:12  Zealot x2  
  155  10:14  Archon  
  155  10:16  Immortal  
  95  10:40  Stalker x4  
  95  10:42  Zealot  
  97  10:46  High Templar  
  93  10:52  High Templar  
  93  10:57  Archon  
  87  11:13  Stalker x2  
  87  11:14  Stalker x3  
  77  11:26  Stalker x2  
Tags
 
Add a new tag
Caveats
  • Supply blocks, unpowered buildings, or Contaminate may cause inaccurate times.
  • Supply counts are checked every 10 seconds.